 Dungeon Crawl Stone Soup version 0.31-a0-177-g4aa6249778 (webtiles) character file.

Game seed: 1523893701055560016

1039 SigmundSlayer the Cleaver (level 7, -1/56 HPs)
             Began as a Demigod Fighter on June 18, 2023.
             Shot with an arrow by a centaur (7 damage)
             ... on level 6 of the Dungeon.
             The game lasted 00:07:12 (4599 turns).

SigmundSlayer the Cleaver (Demigod Fighter)         Turns: 4599, Time: 00:07:13

Health: -1/56      AC:  6    Str: 25    XL:     7   Next: 74%
Magic:  9/9        EV: 14    Int: 10    God:
Gold:   320        SH:  5    Dex: 13    Spells: 6/6 levels left

rFire   . . .        a - +1 war axe (flame)
rCold   . . .        c - +1 buckler
rNeg    . . .        b - +0 scale mail
rPois   .            (no helmet)
rElec   .            (no cloak)
rCorr   .            (no gloves)
SInv    .            (no boots)
Will    .....        (no amulet) Stlth
                     e - +5 ring of evasion
HPRegen 0.29/turn    (no ring)
MPRegen 0.11/turn

%: no passive effects
@: unable to drink
A: high MP 1, forlorn, divine attributes, inability to drink after injury 2
a: no special abilities


You were on level 6 of the Dungeon.
You visited 1 branch of the dungeon, and saw 6 of its levels.
You also visited: Sewer and Ossuary.

You collected 320 gold pieces.

Inventory:

Hand Weapons
 a - a +1 war axe of flaming (weapon)
Armour
 b - a +0 scale mail (worn)
 c - a +1 buckler (worn)
Jewellery
 e - a +5 ring of evasion (left hand)
Wands
 l - a wand of iceblast (16)
Scrolls
 n - a scroll of brand weapon
 o - a scroll of fog
 s - 3 scrolls of teleportation
Potions
 d - 2 potions of might
 f - 3 potions of haste
 g - a potion of lignification {unknown}
 i - 3 potions of cancellation
 j - 3 potions of degeneration
 m - a potion of resistance
 p - 5 potions of curing
 q - a potion of attraction {unknown}
 t - 2 potions of brilliance {unknown}


   Skills:
 + Level 2.6 Fighting
 + Level 8.8 Axes
 + Level 2.6 Armour
 + Level 0.0 Dodging
 + Level 2.6 Shields


You had 6 spell levels left.
You didn't know any spells.
Your spell library contained the following spells:

 Spells                   Type           Power      Damage    Failure   Level
 Beastly Appendage        Tmut           0%         N/A       73%         1
 Wereblood                Tmut           0%         N/A       86%         2
 Spider Form              Tmut/Pois      0%         N/A       97%         3
 Volatile Blastmotes      Fire/Tloc      0%         2d10      97%         3
 Fulminant Prism          Conj/Hex       0%         3d5       100%        4
 Iskenderun's Mystic Bla  Conj/Tloc      0%         2d3       100%        4
 Lee's Rapid Deconstruct  Erth           0%         3d4*      100%        5


Dungeon Overview and Level Annotations

Branches:
Dungeon (6/15)             Temple (0/1) D:4           Sewer (visited)
Ossuary (visited)

Shops:
D:3 :*([!


Innate Abilities, Weirdness & Mutations

You have an increased reservoir of magic. (+10% MP)
You shall have no god before yourself.
Your divine heritage dramatically boosts your attributes as you level up.
You sometimes lose the ability to drink potions when taking damage.


Message History

Aim: a steam dragon The mass of ice explodes!
The iceblast engulfs the steam dragon!
The steam dragon is moderately wounded.
Aiming: Iceblast
Press: ? - help, Shift-Dir - straight line, f/p - steam dragon
Aim: a steam dragon (moderately wounded)
The mass of ice explodes!
The iceblast engulfs the steam dragon!
The steam dragon is heavily wounded.
You hear a shout!
The steam dragon breathes steam at you. The ball of steam hits you!!
You are engulfed in a cloud of scalding steam.
You feel threatened and lose the ability to drink potions!
You can drink potions again.
The steam dragon barely misses you.
The steam dragon claws you but does no damage.
Okay, then.
The steam dragon barely misses you. The steam dragon claws you.
You hit the steam dragon. You burn the steam dragon.
The steam dragon is severely wounded.
The steam dragon breathes steam at you. The ball of steam hits you!
The steam dragon misses you. The steam dragon claws you.
You slash the steam dragon! You burn the steam dragon.
The steam dragon is almost dead.
The steam dragon bites you.
You feel threatened and lose the ability to drink potions!
You block the steam dragon's attack. The steam dragon breathes steam at you.
The ball of steam hits you!
* * * LOW HITPOINT WARNING * * *
A centaur comes into view.
You cannot drink potions in your current state!
The steam dragon attacks as you move away!
The steam dragon misses you. The steam dragon claws you.
* * * LOW HITPOINT WARNING * * *
Okay, then.
The centaur wields a +0 shortbow.
The centaur shoots an arrow.
The arrow hits you!
You die...

#....+.....# . #....#.....# ..
#....#.....# .. #....#.....# #.
#...##...# ###..###§§.##.$.#
......§§§.......#
......)§..§D....#
.........@).....#
............§c..#
#####+#########..###...#
..............######...#######
..............'..............#
..............#..............#
.......†......##.#########...#
....###'##.....#'###....##'####+#
. #....#.....#..#..............


You could see a steam dragon (catching breath) and a centaur.

Vanquished Creatures
  Pargi (Sewer)
  A phantom (D:5)
  2 scorpions (D:5)
  A centaur zombie (Ossuary)
  4 hounds (D:5)
  A jelly (D:6)
  3 orc priests (D:5)
  A sleepcap (D:3)
  3 iguanas
  4 orc wizards (D:5)
  4 mummies (Ossuary)
  3 gnolls (D:6)
  6 adders
  2 river rats (D:3)
  2 white imps
  2 worms
  2 dart slugs
  13 orcs
  11 bats
  3 endoplasms
  6 giant cockroaches
  7 goblins
  12 hobgoblins
  7 kobolds
  5 quokkas
  6 ball pythons
  A frilled lizard (D:1)
  2 goblin zombies (Ossuary)
  An orc zombie (Ossuary)
  A quokka zombie (D:4)
  4 rats
  A rat zombie (D:4)
122 creatures vanquished.

Vanquished Creatures (others)
  A human (D:4)
  A goblin (D:3)
2 creatures vanquished.

Grand Total: 124 creatures vanquished

Notes
Turn   | Place    | Note
-------+----------+-------------------------------------------
     0 | D:1      | SigmundSlayer the Demigod Fighter began the quest for the
                  | Orb.
     0 | D:1      | Reached XP level 1. HP: 18/18 MP: 3/3
   152 | D:1      | Reached skill level 2 in Axes
   237 | D:1      | Reached XP level 2. HP: 25/25 MP: 4/4
   414 | D:1      | Reached skill level 3 in Axes
   928 | D:2      | Reached XP level 3. HP: 30/30 MP: 5/5
  1535 | D:3      | Found Gileny's Assorted Antiques.
  1555 | D:3      | Reached skill level 4 in Axes
  1555 | D:3      | Reached XP level 4. HP: 19/37 MP: 6/6
  1678 | D:3      | Found Zyrch's Antique Armour Boutique.
  1697 | D:3      | Found Wistrut's Antique Weapon Emporium.
  1741 | D:3      | Found Weul's Distillery.
  1812 | D:3      | Found a glowing drain.
  1821 | Sewer    | Entered a sewer
  1863 | Sewer    | Noticed Pargi
  1877 | Sewer    | Killed Pargi
  1878 | Sewer    | Reached skill level 5 in Axes
  1878 | Sewer    | Reached XP level 5. HP: 36/42 MP: 7/7
  2102 | D:3      | Found Tekepoy's Book Emporium.
  2511 | D:4      | Found a staircase to the Ecumenical Temple.
  2541 | D:4      | Noticed a human
  2542 | D:4      | Killed a human
  2674 | D:4      | Identified the +3 great mace "Hutwal" {vamp, rPois Str+2}
  2711 | D:4      | Found a sand-covered staircase.
  2723 | D:4      | Reached skill level 6 in Axes
  2726 | Ossuary  | Entered an ossuary
  2825 | Ossuary  | Reached XP level 6. HP: 50/50 MP: 8/8
  2898 | Ossuary  | Gained mutation: You occasionally lose the ability to drink
                  | potions when taking damage. [potion of mutation]
  2898 | Ossuary  | Gained mutation: You sometimes lose the ability to drink
                  | potions when taking damage. [potion of mutation]
  3367 | D:5      | Entered Level 5 of the Dungeon
  3732 | D:5      | Reached skill level 7 in Axes
  3866 | D:5      | Reached XP level 7. HP: 52/56 MP: 9/9
  3965 | D:5      | Reached skill level 8 in Axes
  4585 | D:6      | Noticed a steam dragon
  4599 | D:6      | Shot with an arrow by a centaur

Illustrated notes

Levels and vault maps discovered:
D:1:      dpeg_arrival_three_same_balls, layout_basic
D:2:      layout_loops_cross
D:3:      layout_basic, lemuel_crystal_altar, gup_sewer_entry_bubbles,
          serial_shops, nicolae_shop_dealshenge, nicolae_shop_crystal, shop,
          shop, nicolae_shop_real_fake_doors
D:4:      layout_basic, mainiacjoe_overflow_alcove_1,
          mainiacjoe_overflow_boulevard, tgw_kikubaaqudgha, kennysheep_mini,
          minmay_temple_entry_statues_fountains, enter_ossuary_4,
          guppyfry_early_lair_pool
D:5:      layout_basic
D:6:      layout_gridville, mainiacjoe_overflow_paths, uniq_grinder

Skill      XL: |  1  2  3  4  5  6  7 |
---------------+----------------------+-----
Axes           | 2 3 4 5 6 7 8 |  8.8
Fighting       | |  2.6
Armour         | |  2.6
Shields        | |  2.6

Action                     |  1- 3 |  4- 6 |  7- 9 || total
---------------------------+-------+-------+-------++-------
  Melee: War axe           |   125 |   168 |    48 ||   341
  Evoke: Wand              |       |       |     2 ||     2
    Use: Scroll            |     3 |    10 |     1 ||    14
         Potion            |       |     5 |       ||     5
 Armour: Scale mail        |    36 |    56 |    20 ||   112
  Dodge: Dodged            |    77 |   122 |    26 ||   225
  Block: Buckler           |    31 |    49 |    11 ||    91

Table legend: (Time is in decaauts)
 A = Elapsed time spent in this place.
 B = Non-inter-level travel time spent in this place.
 C = Inter-level travel time spent in this place.
 D = Time resting spent in this place.
 E = Time spent auto-exploring this place.
 F = Levels seen in this place.
 G = Mean time per level.
                   A        B        C        D        E       F      G
               +--------+--------+--------+--------+--------+-----+--------+
         Total |   4726 |   4500 |    226 |    346 |   2733 |   8 |  590.8 |
       Dungeon |   4335 |   4109 |    226 |    293 |   2614 |   6 |  722.5 |
         Sewer |    127 |    127 |      0 |     20 |     26 |   1 |  127.0 |
       Ossuary |    263 |    263 |      0 |     33 |     93 |   1 |  263.0 |
               +--------+--------+--------+--------+--------+-----+--------+

Top non-repeatable levels by time:
     D:3: 1005 daAuts
     D:5: 960 daAuts
     D:1: 825 daAuts
     D:4: 757 daAuts
     D:2: 647 daAuts
 Ossuary: 263 daAuts
     D:6: 139 daAuts
   Sewer: 127 daAuts
